 Dungeon Crawl Stone Soup version 0.22-a0-293-gc9362ec (webtiles) character file.

100 Amnesiac the Magician (level 4, -2/26 HPs)
             Began as a Deep Elf Wizard on Mar 24, 2018.
             Killed from afar by Blork the orc (4 damage)
             ... with a puff of flame
             ... on level 4 of the Dungeon.
             The game lasted 00:02:07 (1328 turns).

Amnesiac the Magician (Deep Elf Wizard)             Turns: 1328, Time: 00:02:07

Health: -2/26      AC:  2    Str:  4    XL:     4   Next: 47%
Magic:  1/12       EV: 13    Int: 24    God:
Gold:   63         SH:  0    Dex: 13    Spells: 1/12 levels left

rFire    + . .     SeeInvis .   (no weapon)
rCold    + . .     Gourm    .   (no shield)
rNeg     . . .     Faith    .   a - +0 robe
rPois    +         Spirit   .   b - +0 hat
rElec    +         Reflect  .   (no cloak)
rCorr    +         Harm     .   (no gloves)
MR       .....                  (no boots)
Stlth    ++........             (no amulet)
HPRegen  0.08/turn              (no ring)
MPRegen  0.13/turn              (no ring)

@: resistant
A: no striking features
a: no special abilities


You were on level 4 of the Dungeon.
You were not hungry.

You visited 1 branch of the dungeon, and saw 4 of its levels.

You collected 63 gold pieces.

Inventory:

Armour
 a - a +0 robe (worn)
 b - a +0 hat (worn)
Wands
 k - a wand of digging (16)
Scrolls
 e - a scroll of magic mapping {!r, unknown}
 f - a scroll of blinking {!r, unknown}
 g - a scroll of amnesia {!r, unknown}
 i - a scroll of fog {!r, unknown}
 j - a scroll of immolation {!r, unknown}
Comestibles
 d - 2 rations
 h - 3 chunks of flesh


   Skills:
 + Level 1.7 Fighting
 - Level 2.4 Dodging
 - Level 2.4 Stealth
 - Level 4.5 Spellcasting
 * Level 3.9 Conjurations
 - Level 1.1 Summonings
 - Level 1.1 Translocations


You had one spell level left.
You knew the following spells:

 Your Spells              Type           Power        Failure   Level  Hunger
a - Magic Dart            Conj           ###.         1%          1    None
b - Call Imp              Summ           ##......     9%          2    None
e - Mephitic Cloud        Conj/Pois/Air  ##......     16%         3    ##.....
s - Conjure Flame         Conj/Fire      ##......     12%         3    ##.....
v - Blink                 Tloc           N/A          9%          2    None


Dungeon Overview and Level Annotations

Branches:
Dungeon (4/15)
 Temple: D:4-7

Altars:

Shops:
D:4 =

Annotations:
D:3 Amnesiac's ghost, weakling DEWz
D:4 Blork the orc


Message History

Casting: Magic Dart (safe; 1% risk of failure)
Confirm with . or Enter, or press ? or * to list all spells.
You miscast Call Imp.
You are very lightly contaminated with residual magic.
You hear strange voices.
The worker ant misses you.
Unknown command.
The worker ant bites you.
The worker ant waves its antennae.
The worker ant bites you.
You are poisoned.
The worker ant poisons you!
You feel sick.
You feel sick. The worker ant barely misses you.
Casting: Call Imp (safe; 9% risk of failure)
Confirm with . or Enter, or press ? or * to list all spells.
A beastly little devil appears in a puff of flame.
You feel sick.
The worker ant bites you but does no damage.
You swap places.
The worker ant closely misses you.
Your crimson imp blinks!
You feel sick. The worker ant bites you.
* * * LOW HITPOINT WARNING * * *
The worker ant bites you but does no damage.
Your crimson imp blinks!
Your magical contamination has completely faded away.
You feel sick.
Your crimson imp blinks!
Blork the orc shouts!
Blork the orc screams, "I'm going to kill you!"
Blork the orc looks satisfied for a moment.
Blork the orc hits your crimson imp with a flail of protection!
The worker ant bites you.
* * * LOW HITPOINT WARNING * * *
* * * LOW HITPOINT WARNING * * *
You feel sick.
Really quaff
c - a fizzy dark potion {!q}?
It was a potion of resistance {!q}.
You feel protected. The worker ant barely misses you.
A magic dart appears from out of your range of vision.
Casting: Call Imp (safe; 9% risk of failure)
Confirm with . or Enter, or press ? or * to list all spells.
Aiming: Magic Dart (safe; 1% risk of failure)
Press: ? - help, Shift-Dir - straight line, f - worker ant
Aim: a worker ant (severely wounded)
The magic dart hits the worker ant.
The worker ant is severely wounded.
The worker ant barely misses you.
Some of the chunks of flesh in your inventory have rotted away.
Unknown command.
The worker ant misses you.
You feel sick.
You are no longer poisoned.
Your crimson imp blinks!
Blork the orc hits your crimson imp with a flail of protection!
Your crimson imp dies!
Blork the orc barely misses you. Blork the orc closely misses you.
The worker ant misses you. Blork the orc casts a spell at you.
The puff of flame hits you! You resist.
You die...

.##.# #.#
.##.###.########.#
.....##.##.......#
.....#.....#########
.....#.....#.......#
..............####.####
...........#..a.......###
...........#..o###......#
..o...#.####....@...#.#.#
#####.#.#
#...#.##.#<#...#
#.......#
#...#.##.#######
#.......# #...#.##..
........# #...#.#####
....#...# #...#.#
....##..# ##..#.#
....##..#####..#.#
....##.>......##


You could see Blork the orc.

Vanquished Creatures
  2 worker ants (D:4)
  3 adders
  An ooze (D:2)
  A dart slug (D:1)
  A leopard gecko (D:3)
  3 goblins
  A hobgoblin (D:1)
  2 jackals (D:2)
  2 kobolds (D:2)
  2 bats
  A frilled lizard (D:1)
19 creatures vanquished.

Vanquished Creatures (collateral kills)
  A worm (D:2)
1 creature vanquished.

Grand Total: 20 creatures vanquished

Notes
Turn   | Place    | Note
-------+----------+-------------------------------------------
     0 | D:1      | Amnesiac the Deep Elf Wizard began the quest for the Orb.
     0 | D:1      | Reached XP level 1. HP: 10/10 MP: 7/7
   401 | D:1      | Reached XP level 2. HP: 16/16 MP: 7/9
   409 | D:1      | Learned a level 2 spell: Blink
   412 | D:1      | Learned a level 2 spell: Call Imp
   593 | D:2      | Reached skill level 1 in Fighting
   653 | D:2      | Reached XP level 3. HP: 20/20 MP: 8/11
   658 | D:2      | Learned a level 3 spell: Mephitic Cloud
   672 | D:2      | Learned a level 3 spell: Conjure Flame
   789 | D:3      | Noticed Amnesiac's ghost (weakling DEWz)
   802 | D:4      | Found Vuen's Jewellery Emporium.
  1092 | D:4      | Reached XP level 4. HP: 25/25 MP: 2/12
  1267 | D:4      | Noticed Blork the orc
  1328 | D:4      | Killed from afar by Blork the orc

Vault maps used:
D:1:      roderic_octagonal_star, lemuel_old_faithful
D:3:      minmay_diamond_boxcup, nrook_uturn
D:4:      first_ration, serial_shops, shop, uniq_blork_the_orc

Skill      XL: |  1  2  3 |
---------------+----------+-----
Conjurations   | 2 3 |  3.9
Fighting       | 1 |  1.7
Dodging        | |  2.4
Stealth        | |  2.4
Spellcasting   | |  4.5
Summonings     | |  1.1
Translocations | |  1.1

Action                   |  1- 3 |  4- 6 || total
-------------------------+-------+-------++-------
 Cast: Magic Dart        |    61 |    20 ||    81
       Call Imp          |     3 |     1 ||     4
       Mephitic Cloud    |     1 |     1 ||     2
  Use: Potion            |       |     1 ||     1
  Eat: Chunk             |       |     1 ||     1
Armor: Robe              |     1 |     4 ||     5
Dodge: Dodged            |     6 |    15 ||    21

Table legend:
 A = Spawn XP
 B = Non-spawn XP
 C = Spawn XP percentage of total XP
 D = Spawn monster count
 E = Non-spawn monster count
 F = Spawn count percentage of total count
 G = Total turns spent on level
                    A         B        C        D         E        F      G
               +---------+---------+-------+---------+---------+-------+---------
         Total |       0 |     144 |   0.0 |       0 |      20 |   0.0 |  1328
               +---------+---------+-------+---------+---------+-------+---------
           D:1 |       0 |       9 |   0.0 |       0 |       4 |   0.0 |   397
           D:2 |       0 |      34 |   0.0 |       0 |       9 |   0.0 |   282
           D:3 |       0 |      34 |   0.0 |       0 |       5 |   0.0 |   397
           D:4 |       0 |      67 |   0.0 |       0 |       2 |   0.0 |   252
               +---------+---------+-------+---------+---------+-------+---------
